 Dungeon Crawl Stone Soup version 0.28-a0-577-gb193047a1f (webtiles) character file.

Game seed: 18076094273624480058

2134 Demosthentine the Spear-Bearer (level 9, 0/71 HPs)
             Began as a Merfolk Gladiator on Oct 2, 2021.
             Was a Follower of the Shining One.
             Succumbed to a kobold brigand's poison
             ... on level 7 of the Dungeon.
             The game lasted 00:05:52 (7462 turns).

Demosthentine the Spear-Bearer (Merfolk Gladiator)  Turns: 7462, Time: 00:05:53

Health: 0/71       AC:  5    Str: 16    XL:     9   Next: 30%
Magic:  9/9        EV: 16    Int:  7    God:    the Shining One [*.....]
Gold:   287        SH:  0    Dex: 17    Spells: 8/8 levels left

rFire   . . .      SeeInvis .   a - +0 trident (flame)
rCold   . . .      Faith    .   (no shield)
rNeg    . . .      Spirit   .   b - +0 leather armour
rPois   .          Reflect  .   c - +0 helmet
rElec   .          Harm     .   (no cloak)
rCorr   .          Rampage  .   e - +0 pair of gloves
Will    .....                   (no boots)
Stlth   +.........              (no amulet)
HPRegen 0.21/turn               (no ring)
MPRegen 0.11/turn               (no ring)

@: lethally poisoned (0 -> -17), glowing
A: (nimble swimmer 2), mertail
a: Renounce Religion


You were on level 7 of the Dungeon.
You worshipped the Shining One.
The Shining One was aware of your devotion.
You visited 2 branches of the dungeon, and saw 8 of its levels.

You collected 316 gold pieces.
You donated 29 gold pieces to Zin.

Inventory:

Hand Weapons
 a - a +0 trident of flaming (weapon)
Missiles
 d - 4 throwing nets (quivered)
Armour
 b - a +0 leather armour (worn)
 c - a +0 helmet (worn)
 e - a +0 pair of gloves (worn)
Jewellery
 f - a ring of positive energy
 l - a ring of magical power
 p - a +6 ring of strength
Wands
 g - a wand of acid (10)
Scrolls
 h - a scroll of teleportation
 o - a scroll of fear {unknown}
 r - a scroll of enchant weapon {unknown}
Potions
 i - 2 potions of mutation
 j - a potion of flight
 k - a potion of haste
 m - a potion of magic
 n - a potion of lignification


   Skills:
 + Level 6.9 Fighting
 + Level 9.6 Polearms
 - Level 2.0 Throwing
 + Level 4.3 Armour
 + Level 8.9 Dodging


You had 8 spell levels left.
You didn't know any spells.
Your spell library contained the following spells:

 Spells                   Type           Power      Damage    Failure   Level
 Summon Small Mammal      Summ           0%         N/A       50%         1
 Call Canine Familiar     Summ           0%         N/A       86%         3
 Portal Projectile        Hex/Tloc       0%         N/A       86%         3
 Summon Guardian Golem    Hex/Summ       0%         N/A       86%         3
 Fulminant Prism          Conj/Hex       0%         3d6       99%         4
 Iskenderun's Mystic Bla  Conj/Tloc      0%         2d3       99%         4
 Leda's Liquefaction      Hex/Erth       0%         N/A       99%         4
 Lee's Rapid Deconstruct  Erth           0%         3d5*      100%        5


Dungeon Overview and Level Annotations

Branches:
Dungeon (7/15)             Temple (1/1) D:4

Altars:
Ashenzari
Cheibriados
Dithmenos
Fedhas
Gozag
Hepliaklqana
Kikubaaqudgha
Makhleb
Nemelex Xobeh
Okawaru
Qazlal
Ru
Sif Muna
Trog
Vehumet
Wu Jian
Xom
Yredelemnul
Zin
The Shining One

Annotations:
D:3 1 runed translucent door, AttackTheMoon's ghost, amateur OgFE


Innate Abilities, Weirdness & Mutations

((You are quick and stealthy near water. (Stealth+, EV+, Speed+++)))
Your lower body shifts to a powerful aquatic tail in water.


Message History

Found a tubular pearl ring.
The kobold brigand throws a poisoned dart.
The poisoned dart hits you!
You are poisoned.
You feel very sick.
You feel sick.
You feel sick.
You feel sick.
You feel sick.
You feel sick.
You see here a +6 ring of strength.
p - a +6 ring of strength You feel sick.
The kobold brigand throws a poisoned dart.
The poisoned dart hits you!
You are more poisoned.
* * * LOW HITPOINT WARNING * * *
You feel very sick.
Reach: a) +0 trident (flame)
Press: ? - help, Dir - move target, f - kobold brigand
Aim: a kobold brigand, wielding a +0 falchion, wearing a +0 robe and quivering poisoned darts (about 40% to evade your +0 trident of flaming)
You reach to attack!
You hit the kobold brigand. You burn the kobold brigand.
The kobold brigand is moderately wounded.
* * * LOW HITPOINT WARNING * * *
You feel sick.
Okay, then.
* * * LOW HITPOINT WARNING * * *
You feel sick.
The kobold brigand throws a poisoned dart.
The poisoned dart hits you!
You are lethally poisoned!
Unknown command.
* * * LOW HITPOINT WARNING * * *
You feel very sick.
The kobold brigand throws a poisoned dart.
The poisoned dart hits you!
You are more poisoned.
Unknown command.
Unknown command.
You die...

#.... ....# #.
#...# #.##...#
#.#....# #.#.#..#
... #######
#......##....
.....#
#...@....... ...#
##s....###'##
####.###.#...## #
.# #....ggKK...##
.
......##.########
#..####.#
#.......#
##.....K#
########.#


You could see a kobold brigand, a gnoll sergeant, a scorpion and a kobold.

Vanquished Creatures
  Pikel (D:7)
  Menkaure (D:6)
  3 ice beasts
  A black bear (D:4)
  An ogre (D:6)
  2 lemures (D:7)
  A phantom (D:7)
  2 kobold brigands
  2 bullfrogs
  2 water moccasin skeletons
  A bullfrog zombie (D:6)
  A centaur zombie (D:5)
  A centaur skeleton (D:6)
  A hound (D:6)
  4 jellies
  2 bullfrog skeletons
  Jessica (D:2)
  2 iguanas
  An orc wizard (D:5)
  A hound zombie (D:5)
  A hound skeleton (D:5)
  A howler monkey zombie (D:7)
  5 gnolls
  8 adders
  3 worms
  6 dart slugs
  11 orcs
  8 endoplasms
  4 giant cockroaches
  9 goblins
  9 hobgoblins
  A jackal (D:3)
  2 quokkas (D:1)
  10 ball pythons
  4 bats
  6 frilled lizards
  10 kobolds
  6 rats
135 creatures vanquished.

Vanquished Creatures (others)
  5 plants (D:6)
5 creatures vanquished.

Grand Total: 140 creatures vanquished

Notes
Turn   | Place    | Note
-------+----------+-------------------------------------------
     0 | D:1      | Demosthentine the Merfolk Gladiator began the quest for the
                  | Orb.
     0 | D:1      | Reached XP level 1. HP: 16/16 MP: 1/1
   270 | D:1      | Reached XP level 2. HP: 23/23 MP: 2/2
   459 | D:1      | Reached XP level 3. HP: 18/28 MP: 3/3
   979 | D:1      | Reached skill level 5 in Polearms
   981 | D:1      | Reached skill level 1 in Armour
  1302 | D:2      | Reached XP level 4. HP: 16/35 MP: 4/4
  1938 | D:2      | Reached skill level 5 in Dodging
  1963 | D:2      | Noticed Jessica
  1968 | D:2      | Killed Jessica
  1969 | D:2      | Reached XP level 5. HP: 32/41 MP: 5/5
  2092 | D:2      | Found a faded altar of an unknown god.
  2868 | D:3      | Found a runed translucent door.
  2868 | D:3      | Noticed AttackTheMoon's ghost (amateur OgFE)
  3084 | D:4      | Noticed an ogre
  3095 | D:4      | Found a staircase to the Ecumenical Temple.
  3107 | D:4      | Reached skill level 6 in Polearms
  3107 | D:4      | Reached XP level 6. HP: 38/48 MP: 6/6
  3132 | Temple   | Entered the Ecumenical Temple
  4033 | D:4      | Noticed a black bear
  4045 | D:4      | Killed a black bear
  4046 | D:4      | Reached XP level 7. HP: 20/55 MP: 7/7
  4604 | D:5      | Entered Level 5 of the Dungeon
  4689 | D:5      | Found an opulent altar of Gozag.
  4689 | D:5      | Found a glowing silver altar of Zin.
  4705 | D:5      | Became a worshipper of Zin the Law-Giver
  4705 | D:5      | Reached * piety under Zin
  5171 | D:5      | Reached skill level 7 in Polearms
  5471 | D:5      | Reached ** piety under Zin
  5627 | D:6      | Reached skill level 5 in Fighting
  5725 | D:6      | Reached XP level 8. HP: 59/62 MP: 8/8
  5958 | D:6      | Found a glowing golden altar of the Shining One.
  5995 | D:6      | Fell from the grace of Zin
  5995 | D:6      | Became a worshipper of the Shining One
  6026 | D:6      | Found a radiant altar of Vehumet.
  6033 | D:6      | Reached skill level 8 in Polearms
  6140 | D:6      | Reached * piety under the Shining One
  6155 | D:6      | Noticed Menkaure
  6166 | D:6      | Killed Menkaure
  6946 | D:7      | Noticed Pikel
  6970 | D:7      | Killed Pikel
  6971 | D:7      | Reached skill level 9 in Polearms
  6971 | D:7      | Reached XP level 9. HP: 48/71 MP: 9/9
  7208 | D:7      | Noticed a deep elf pyromancer
  7209 | D:7      | Noticed a two-headed ogre
  7209 | D:7      | Noticed a troll
  7209 | D:7      | Identified the ring of Xom's Whimsicality {rN+++ AC+4 Str+5
                  | Dex-4 SInv}
  7209 | D:7      | Noticed a death knight
  7462 | D:7      | Succumbed to a kobold brigand's poison

Illustrated notes

Levels and vault maps discovered:
D:1:      matt_arrival_refuge, layout_basic, minmay_three_crescents
D:2:      layout_rooms, hellmonk_ecumenical_altar_pennies_from_heaven,
          uniq_jessica
D:3:      layout_basic, ebering_ghost_reflecting_pool, minmay_quadrilaterals
D:4:      layout_loops_corners, minmay_temple_entry_mini_moons
D:5:      layout_basic, grunt_temple_overflow_gold_and_silver
D:6:      layout_basic, tso_oasis_becter, nicolae_vehumet_radiance,
          lexackson_kobold_supper, uniq_menkaure
D:7:      minmay_the_grid_octo_tiled_squarecenter [minmay_the_grid_octo_chip,
          minmay_the_grid_octo_shrine, minmay_the_grid_octo_checkered,
          minmay_the_grid_octo_focus, minmay_the_grid_square_5x5_megaprize_open,
          minmay_the_grid_square_5x5_shuriken,
          minmay_the_grid_square_5x5_minimal,
          minmay_the_grid_square_5x5_two_small,
          minmay_the_grid_square_5x5_percent], layout_loops_cross, uniq_maggie,
          uniq_pikel, uniq_crazy_yiuf_cottage
Temple:   nicolae_temple_x_marks_the_god

Skill      XL: |  1  2  3  4  5  6  7  8 |
---------------+-------------------------+-----
Polearms       | 5 6 7 9 |  9.6
Armour         | 1 2 3 4 |  4.3
Fighting       | 3 4 5 6 |  6.9
Dodging        | 5 6 7 8 |  8.9
Throwing       | |  2.0

Action                   |  1- 3 |  4- 6 |  7- 9 || total
-------------------------+-------+-------+-------++-------
Melee: Trident           |   103 |   207 |   193 ||   503
Throw: Throwing net      |       |     2 |     1 ||     3
  Use: Scroll            |     1 |     3 |     7 ||    11
       Potion            |     1 |       |     2 ||     3
 Stab: Sleeping          |     1 |       |     2 ||     3
Armor: Leather armour    |    25 |    38 |    36 ||    99
Dodge: Dodged            |    62 |   125 |    95 ||   282

Table legend: (Time is in decaauts)
 A = Elapsed time spent in this place.
 B = Non-inter-level travel time spent in this place.
 C = Inter-level travel time spent in this place.
 D = Time resting spent in this place.
 E = Time spent auto-exploring this place.
 F = Levels seen in this place.
 G = Mean time per level.
                   A        B        C        D        E       F      G
               +--------+--------+--------+--------+--------+-----+--------+
         Total |   7450 |   7282 |    168 |    435 |   5747 |   8 |  931.2 |
       Dungeon |   7290 |   7122 |    168 |    435 |   5599 |   7 | 1041.4 |
        Temple |    159 |    159 |      0 |      0 |    148 |   1 |  159.0 |
               +--------+--------+--------+--------+--------+-----+--------+

Top non-repeatable levels by time:
     D:1: 1539 daAuts
     D:4: 1371 daAuts
     D:6: 1281 daAuts
     D:5: 969 daAuts
     D:2: 814 daAuts
     D:3: 728 daAuts
     D:7: 586 daAuts
  Temple: 159 daAuts
